 Dungeon Crawl Stone Soup version 0.29.1-4-g47bece8355 (webtiles) character file.

Game seed: 15748873715208825633

26 warriortoast the Conjurer (level 2, 0/20 HPs)
             Began as a Draconian Conjurer on Dec 3, 2022.
             Killed by nerve-wracking pain
             ... invoked by Jessica
              (13 damage)
             ... on level 1 of the Dungeon.
             The game lasted 00:02:10 (1310 turns).

warriortoast the Conjurer (Draconian Conjurer)      Turns: 1310, Time: 00:02:10

Health: 0/20       AC:  4    Str:  9    XL:     2   Next: 89%
Magic:  2/5        EV: 12    Int: 18    God:
Gold:   8          SH:  0    Dex:  9    Spells: 4/5 levels left

rFire   . . .      SeeInvis .   c - +0 mace
rCold   . . .      Faith    .   (no shield)
rNeg    . . .      Spirit   .   (body armour unavailable)
rPois   .          Reflect  .   (helmet restricted)
rElec   .          Harm     .   (no cloak)
rCorr   .          Rampage  .   (no gloves)
Will    .....                   (no boots)
Stlth   ++........              (no amulet)
HPRegen 0.06/turn               (no ring)
MPRegen 0.09/turn               (no ring)

@: no status effects
A: AC +4, unfitting armour, cold-blooded
a: no special abilities


You were on level 1 of the Dungeon.
You visited 1 branch of the dungeon, and saw 2 of its levels.

You collected 8 gold pieces.

Inventory:

Hand Weapons
 c - a +0 mace (weapon)
Magical Staves
 d - a staff of earth
Scrolls
 b - a scroll of enchant weapon {unknown}
 h - a scroll of amnesia {unknown}
 i - a scroll of vulnerability {unknown}
Potions
 a - a potion of magic
 e - a potion of resistance {unknown}
 f - 2 potions of might {unknown}
 g - a potion of brilliance {unknown}


   Skills:
 + Level 2.2 Dodging
 + Level 2.2 Stealth
 + Level 2.3 Spellcasting
 + Level 4.2 Conjurations


You had 4 spell levels left.
You knew the following spells:

 Your Spells              Type           Power      Damage    Failure   Level
a - Magic Dart            Conj           68%        1d6       3%          1

Your spell library contained the following spells:

 Spells                   Type           Power      Damage    Failure   Level
 Searing Ray              Conj           34%        2d5       4%          2
 Dazzling Flash           Conj/Hex       18%        N/A       22%         3
 Blink                    Tloc           4%         N/A       26%         2
 Fulminant Prism          Conj/Hex       4%         3d6       58%         4
 Iskenderun's Mystic Bla  Conj/Tloc      9%         2d4       58%         4
 Manifold Assault         Tloc           2%         N/A       99%         5
 Storm Form               Tmut/Air       1%         N/A       100%        7


Dungeon Overview and Level Annotations

Branches:
Dungeon (2/15)

Altars:

Annotations:
D:1 Jessica


Innate Abilities, Weirdness & Mutations

Your plain brown scales are hard. (AC +4)
You cannot fit into any form of body armour.
You are cold-blooded and may be slowed by cold attacks.


Message History

No target in view!
You see here a quokka corpse.
You see here 4 stones.
Key pressed, stopping explore.
Done exploring.
Done exploring.
Done exploring.
Done exploring.
There is a stone staircase leading down here.
You climb downwards.
Found seven items.
Found a stone staircase leading up.
There is a stone staircase leading up here.
You climb upwards.
There is a stone staircase leading down here.
Things that are here:
2 stones; a +0 short sword
There is a stone staircase leading down here.
You climb downwards.
Jessica shouts!
The endoplasm quivers.
Found seven items.
There is a stone staircase leading up here.
The magic dart hits the dart slug.
The dart slug is moderately wounded.
The magic dart hits Jessica.
Jessica is moderately wounded.
Jessica casts a spell.
Jessica blinks!
The magic dart hits Jessica.
Jessica is moderately wounded.
Jessica gestures at you while chanting. Pain shoots through your body!
You climb upwards.
There is a stone staircase leading down here.
You hit Jessica.
Jessica is heavily wounded.
Jessica gestures at you while chanting. Pain shoots through your body!
Ouch! That really hurt!
You die...

#..#.##############
#######..#..............#
....#....#..###########.#
###.#.##......#.........#
#.#.####..#.#.######### #.#.#
#..#.#........#
#.#.####.[..#..#####.##
###.#.......#.#.........#
................@@......#
........................#
###.############........#
#.######### #........#
#.#.......# #........#
#.#.......####........#
#.#.........##.#####.##
#.#####.###.##.#####.#########
#.#####†# #.......#..........#


You could see Jessica.

Vanquished Creatures
  A dart slug (D:1)
  2 bats (D:1)
  2 endoplasms (D:1)
  3 giant cockroaches (D:1)
  3 goblins (D:1)
  4 quokkas (D:1)
  3 kobolds (D:1)
  3 rats (D:1)
21 creatures vanquished.

Notes
Turn   | Place    | Note
-------+----------+-------------------------------------------
     0 | D:1      | warriortoast the Draconian Conjurer began the quest for the
                  | Orb.
     0 | D:1      | Reached XP level 1. HP: 14/14 MP: 3/3
   262 | D:1      | Found a faded altar of an unknown god.
   265 | D:1      | Reached XP level 2. HP: 20/20 MP: 1/5
  1304 | D:2      | Noticed Jessica
  1310 | D:1      | Killed from afar by Jessica

Illustrated notes

Levels and vault maps discovered:
D:1:      dpeg_arrival_tiny_d, layout_basic,
          hellmonk_ecumenical_altar_crossroads
D:2:      kennysheep_big_flooded_room, layout_rooms, minmay_hedge_maze,
          uniq_jessica

Skill      XL: |  1 |
---------------+----+-----
Stealth        | 2 |  2.2
Dodging        | 2 |  2.2
Spellcasting   | |  2.3
Conjurations   | |  4.2

Action                   || total
-------------------------++-------
Melee: Mace              ||     5
 Cast: Magic Dart        ||    47
Armor: Skin              ||     2
Dodge: Dodged            ||     7
